TOP OF THE 1ST |
Philadelphia Phillies batting - Pitching for San Diego Padres : RHP Skip Lockwood
|
Pitching: RHP Skip Lockwood
|
|
Batting: RHB Andy Ramirez
|
0-0: Swinging Strike 0-1: Ball 1-1: SINGLE (Flyball, 34D, EV 89.4 MPH)
|
Batting: RHB Paul Molitor
|
0-0: Called Strike 0-1: SINGLE (Line Drive, 9S, EV 95.6 MPH) Andy Ramirez to second Runner from 2nd tries for 3rd, SAFE, throw by RF made to third
|
Batting: LHB Tony Gwynn
|
0-0: Called Strike 0-1: SINGLE (Line Drive, 9S, EV 107.5 MPH) Andy Ramirez scores Paul Molitor to second
|
Batting: RHB Candy Maldonado
|
0-0: Ball 1-0: Ball 2-0: Ball 3-0: Called Strike 3-1: Base on Balls Paul Molitor to third Tony Gwynn to second
|
Batting: LHB Ken Phelps
|
0-0: Called Strike 0-1: Ball 1-1: Called Strike 1-2: Strikes out swinging
|
Batting: RHB Andre Dawson
|
0-0: Fly out, F3 (Popup, 23F, EV 79.4 MPH)
|
Batting: RHB Mike Diaz
|
0-0: Ground out 5-3 (Groundball, 56S, EV 92.5 MPH)
|
Top of the 1st over - 1 run, 3 hits, 0 errors, 3 left on base; Philadelphia 1 - San Diego 0 |
BOTTOM OF THE 1ST |
San Diego Padres batting - Pitching for Philadelphia Phillies : RHP Bill Singer
|
Pitching: RHP Bill Singer
|
|
Batting: RHB Bob Dernier
|
0-0: Swinging Strike 0-1: Ball 1-1: Ground out 3-1 (Groundball, 34, EV 105.6 MPH)
|
Batting: RHB Joel Youngblood
|
0-0: SINGLE (Line Drive, 3D, EV 108.1 MPH)
|
Batting: RHB Dennis Dungy
|
0-0: Foul Ball, location: 2F 0-1: Ball 1-1: Foul Ball, location: 2F 1-2: Grounds into double play, 3-6-1 (Groundball, 3S, EV 90.0 MPH)
|
Bottom of the 1st over - 0 runs, 1 hit, 0 errors, 0 left on base; Philadelphia 1 - San Diego 0 |
TOP OF THE 2ND |
Philadelphia Phillies batting - Pitching for San Diego Padres : RHP Skip Lockwood
|
Batting: RHB Ivan de Jesus
|
0-0: Called Strike 0-1: Ground out 6-3 (Groundball, 6, EV 101.3 MPH)
|
Batting: RHB Bill Singer
|
0-0: Swinging Strike 0-1: Called Strike 0-2: Ball 1-2: Ball 2-2: Foul Ball, location: 2F 2-2: Ball 3-2: Foul Ball, location: 2F 3-2: Strikes out looking
|
Batting: RHB Andy Ramirez
|
0-0: Ball 1-0: Called Strike 1-1: SOLO HOME RUN (Flyball, 8RXD, EV 106.3 MPH), Distance : 456 ft
|
Batting: RHB Paul Molitor
|
0-0: Called Strike 0-1: Ball 1-1: Called Strike 1-2: Ball 2-2: Foul Ball, location: 2F 2-2: Ball 3-2: Fly out, F7 (Flyball, 78S, EV 91.9 MPH)
|
Top of the 2nd over - 1 run, 1 hit, 0 errors, 0 left on base; Philadelphia 2 - San Diego 0 |
BOTTOM OF THE 2ND |
San Diego Padres batting - Pitching for Philadelphia Phillies : RHP Bill Singer
|
Batting: RHB Kelvin Moore
|
0-0: Called Strike 0-1: Fly out, F9 (Flyball, 9S, EV 87.5 MPH)
|
Batting: LHB Jerry McDonald
|
0-0: Foul Ball, location: 2F 0-1: Ball 1-1: Ball 2-1: Ball 3-1: Ground out 1-3 (Groundball, 15S, EV 73.1 MPH)
|
Batting: LHB Chris Chambliss
|
0-0: Ball 1-0: Ball 2-0: Swinging Strike 2-1: Swinging Strike 2-2: Strikes out swinging
|
Bottom of the 2nd over - 0 runs, 0 hits, 0 errors, 0 left on base; Philadelphia 2 - San Diego 0 |
TOP OF THE 3RD |
Philadelphia Phillies batting - Pitching for San Diego Padres : RHP Skip Lockwood
|
Batting: LHB Tony Gwynn
|
0-0: Ball 1-0: Ball 2-0: Foul Ball, location: 2F 2-1: Foul Ball, location: 2F 2-2: SINGLE (Groundball, 6MS, EV 66.9 MPH) (infield hit)
|
Batting: RHB Candy Maldonado
|
0-0: Ball 1-0: Called Strike 1-1: Swinging Strike 1-2: Ball Tony Gwynn steals 2nd base 2-2: SINGLE (Line Drive, 7LS, EV 91.3 MPH) Tony Gwynn to third Runner from 3rd tries for Home, SAFE, throw by LF to home
|
Batting: LHB Ken Phelps
|
0-0: Ball 1-0: Called Strike 1-1: Called Strike 1-2: Ball Candy Maldonado is caught stealing 2nd base 2-6 2-2: Ball 3-2: Fly out, F5 (Flyball, 5D, EV 83.1 MPH)
|
Batting: RHB Andre Dawson
|
0-0: SINGLE (Groundball, 6MD, EV 101.9 MPH)
|
Batting: RHB Mike Diaz
|
0-0: Ball 1-0: Swinging Strike 1-1: Called Strike 1-2: Fly out, F5 (Flyball, 5D, EV 92.5 MPH)
|
Top of the 3rd over - 1 run, 3 hits, 0 errors, 1 left on base; Philadelphia 3 - San Diego 0 |
BOTTOM OF THE 3RD |
San Diego Padres batting - Pitching for Philadelphia Phillies : RHP Bill Singer
|
Batting: LHB Darrell Porter
|
0-0: Ball 1-0: Foul Ball, location: 2F 1-1: Ball 2-1: Foul Ball, location: 2F 2-2: Fly out, F9 (Flyball, 9D, EV 96.3 MPH)
|
Batting: LHB Jeffrey Zitek
|
0-0: Fly out, F8 (Flyball, 78XD, EV 98.1 MPH)
|
Batting: RHB Skip Lockwood
|
0-0: Fly out, F8 (Flyball, 8RM, EV 70.6 MPH)
|
Bottom of the 3rd over - 0 runs, 0 hits, 0 errors, 0 left on base; Philadelphia 3 - San Diego 0 |
TOP OF THE 4TH |
Philadelphia Phillies batting - Pitching for San Diego Padres : RHP Skip Lockwood
|
Batting: RHB Ivan de Jesus
|
0-0: Swinging Strike 0-1: Ball 1-1: Ball 2-1: SINGLE (Line Drive, 78S, EV 96.3 MPH)
|
Batting: RHB Bill Singer
|
0-0: Called Strike 0-1: Sac Bunt to 13S - play at first, batter OUT! 1-4 Ivan de Jesus to second
|
Batting: RHB Andy Ramirez
|
0-0: Swinging Strike 0-1: Ball 1-1: SINGLE (Groundball, 56D, EV 98.8 MPH) Ivan de Jesus to third Runner from 3rd tries for Home, SAFE, throw by LF to home
|
Batting: RHB Paul Molitor
|
0-0: Ball Andy Ramirez steals 2nd base 1-0: Ball 2-0: Fly out, F7 (Flyball, 7S, EV 88.1 MPH)
|
Batting: LHB Tony Gwynn
|
0-0: Ball 1-0: Swinging Strike 1-1: Ball 2-1: Ball 3-1: Base on Balls
|
Batting: RHB Candy Maldonado
|
0-0: Called Strike 0-1: Ball 1-1: Called Strike Andy Ramirez steals 3rd base Tony Gwynn to second 1-2: Fly out, F9 (Flyball, 89S, EV 91.9 MPH)
|
Top of the 4th over - 1 run, 2 hits, 0 errors, 2 left on base; Philadelphia 4 - San Diego 0 |
BOTTOM OF THE 4TH |
San Diego Padres batting - Pitching for Philadelphia Phillies : RHP Bill Singer
|
Batting: RHB Bob Dernier
|
0-0: Foul Ball, location: 2F 0-1: Foul Ball, location: 2F 0-2: Ball 1-2: SINGLE (Groundball, 6MD, EV 99.4 MPH)
|
Batting: RHB Joel Youngblood
|
0-0: Ball 1-0: Fly out, F9 (Flyball, 9S, EV 94.4 MPH)
|
Batting: RHB Dennis Dungy
|
0-0: Called Strike 0-1: Ball 1-1: Ball 2-1: Ball Bob Dernier is caught stealing 2nd base 2-4 3-1: Foul Ball, location: 2F 3-2: Foul Ball, location: 2F 3-2: Base on Balls
|
Batting: RHB Kelvin Moore
|
0-0: Called Strike Dennis Dungy steals 2nd base (no throw) 0-1: Swinging Strike 0-2: Ball 1-2: Strikes out looking
|
Bottom of the 4th over - 0 runs, 1 hit, 0 errors, 1 left on base; Philadelphia 4 - San Diego 0 |
TOP OF THE 5TH |
Philadelphia Phillies batting - Pitching for San Diego Padres : RHP Skip Lockwood
|
Batting: LHB Ken Phelps
|
0-0: Called Strike 0-1: Ball 1-1: Fly out, F7 (Line Drive, 7, EV 86.9 MPH)
|
Batting: RHB Andre Dawson
|
0-0: Fly out, F8 (Flyball, 89D, EV 80.0 MPH)
|
Batting: RHB Mike Diaz
|
0-0: Ball 1-0: Called Strike 1-1: Swinging Strike 1-2: Ball 2-2: Foul Ball, location: 2F 2-2: Ball 3-2: Fly out, F7 (Line Drive, 7, EV 100.6 MPH)
|
Top of the 5th over - 0 runs, 0 hits, 0 errors, 0 left on base; Philadelphia 4 - San Diego 0 |
BOTTOM OF THE 5TH |
San Diego Padres batting - Pitching for Philadelphia Phillies : RHP Bill Singer
|
Batting: LHB Jerry McDonald
|
0-0: Ball 1-0: Fly out, F7 (Flyball, 78D, EV 87.5 MPH)
|
Batting: LHB Chris Chambliss
|
0-0: Ball 1-0: Foul Ball, location: 2F 1-1: Foul Ball, location: 2F 1-2: Ball 2-2: Ground out 6-3 (Groundball, 6, EV 83.1 MPH)
|
Batting: LHB Darrell Porter
|
0-0: Called Strike 0-1: Ball 1-1: Foul Ball, location: 2F 1-2: Ball 2-2: Foul Ball, location: 2F 2-2: Ball 3-2: Ground out 3-1 (Groundball, 34, EV 81.3 MPH)
|
Bottom of the 5th over - 0 runs, 0 hits, 0 errors, 0 left on base; Philadelphia 4 - San Diego 0 |
TOP OF THE 6TH |
Philadelphia Phillies batting - Pitching for San Diego Padres : RHP Skip Lockwood
|
Batting: RHB Ivan de Jesus
|
0-0: DOUBLE (Flyball, 8RXD, EV 89.4 MPH)
|
Batting: RHB Bill Singer
|
0-0: Bunted foul 0-1: Bunted foul 0-2: Bunt missed, Strikeout!
|
Batting: RHB Andy Ramirez
|
0-0: SINGLE (Groundball, 56, EV 106.3 MPH) Ivan de Jesus to third Runner from 3rd tries for Home, SAFE, throw by LF to home
|
Batting: RHB Paul Molitor
|
Balk! Andy Ramirez to second 0-0: Ball 1-0: Ball 2-0: Called Strike 2-1: Ball 3-1: Foul Ball, location: 2F 3-2: Ground out U3 (Groundball, 3, EV 82.5 MPH) Andy Ramirez to third
|
Batting: LHB Tony Gwynn
|
0-0: Ball 1-0: SINGLE (Flyball, 7LS, EV 93.8 MPH) Andy Ramirez scores
|
Pitching: RHP Luis Gutierrez
|
|
Batting: RHB Candy Maldonado
|
0-0: Ball 1-0: Ball 2-0: Ball 3-0: Base on Balls Tony Gwynn to second
|
Batting: LHB Ken Phelps
|
0-0: Called Strike 0-1: Ball 1-1: Ball 2-1: Swinging Strike 2-2: Ball 3-2: Foul Ball, location: 2F 3-2: Foul Ball, location: 2F 3-2: Ground out U3 (Groundball, 3, EV 83.8 MPH)
|
Top of the 6th over - 2 runs, 3 hits, 0 errors, 2 left on base; Philadelphia 6 - San Diego 0 |
BOTTOM OF THE 6TH |
San Diego Padres batting - Pitching for Philadelphia Phillies : RHP Bill Singer
|
Batting: LHB Jeffrey Zitek
|
0-0: Ball 1-0: Ball 2-0: Called Strike 2-1: Ground out 4-3 (Groundball, 4, EV 101.9 MPH)
|
Batting: LHB Luis Gutierrez
|
0-0: Called Strike 0-1: Fly out, F8 (Flyball, 8LD, EV 85.6 MPH)
|
Batting: RHB Bob Dernier
|
0-0: Fly out, F2 (Popup, 23F, EV 93.1 MPH)
|
Bottom of the 6th over - 0 runs, 0 hits, 0 errors, 0 left on base; Philadelphia 6 - San Diego 0 |
TOP OF THE 7TH |
Philadelphia Phillies batting - Pitching for San Diego Padres : RHP Luis Gutierrez
|
Batting: RHB Andre Dawson
|
0-0: Ball 1-0: Ball 2-0: Swinging Strike 2-1: Ball 3-1: Base on Balls
|
Batting: RHB Mike Diaz
|
0-0: Ball 1-0: Called Strike 1-1: Hit by Pitch Andre Dawson to second
|
Batting: RHB Ivan de Jesus
|
0-0: Ball 1-0: Foul Ball, location: 2F 1-1: Called Strike 1-2: Foul Ball, location: 2F 1-2: Fly out, F4 (Popup, 23, EV 88.8 MPH)
|
Batting: RHB Bill Singer
|
0-0: Bunted foul 0-1: Bunted foul 0-2: Sac Bunt to 25 - play at first, batter OUT! 5-4 Andre Dawson to third Mike Diaz to second
|
Batting: RHB Andy Ramirez
|
0-0: Foul Ball, location: 2F 0-1: Ball 1-1: Ball Wild Pitch! Andre Dawson scores Mike Diaz to third 2-1: Ball 3-1: Swinging Strike 3-2: Foul Ball, location: 2F 3-2: Base on Balls
|
Batting: RHB Paul Molitor
|
0-0: Called Strike 0-1: SINGLE (Line Drive, 89M, EV 95.0 MPH) Mike Diaz scores Andy Ramirez to second
|
Batting: LHB Tony Gwynn
|
0-0: Called Strike 0-1: Ball 1-1: DOUBLE (Line Drive, 78M, EV 106.9 MPH) Andy Ramirez scores Paul Molitor to third Runner from 3rd tries for Home, SAFE, no throw by CF
|
Batting: RHB Candy Maldonado
|
0-0: Swinging Strike 0-1: Ball 1-1: Called Strike 1-2: Ground out 5-3 (Groundball, 56S, EV 90.0 MPH)
|
Top of the 7th over - 4 runs, 2 hits, 0 errors, 1 left on base; Philadelphia 10 - San Diego 0 |
BOTTOM OF THE 7TH |
San Diego Padres batting - Pitching for Philadelphia Phillies : RHP Bill Singer
|
Batting: RHB Joel Youngblood
|
0-0: Called Strike 0-1: Ball 1-1: Ball 2-1: SINGLE (Groundball, 6S, EV 66.3 MPH) (infield hit)
|
Batting: RHB Dennis Dungy
|
0-0: Ball 1-0: Ball 2-0: Foul Ball, location: 2F 2-1: Foul Ball, location: 2F 2-2: Fielders Choice at 2nd, 6-4 (Groundball, 6M, EV 88.1 MPH)
|
Batting: RHB Kelvin Moore
|
0-0: Called Strike 0-1: Grounds into double play, 6-4-3 (Groundball, 6, EV 110.0 MPH)
|
Bottom of the 7th over - 0 runs, 1 hit, 0 errors, 0 left on base; Philadelphia 10 - San Diego 0 |
TOP OF THE 8TH |
Philadelphia Phillies batting - Pitching for San Diego Padres : RHP Luis Gutierrez
|
Batting: LHB Ken Phelps
|
0-0: Ball 1-0: Ball 2-0: Ball 3-0: Base on Balls
|
Pitching: LHP Ed Vande Berg
|
|
Batting: RHB Andre Dawson
|
0-0: Called Strike 0-1: Called Strike 0-2: Ball 1-2: Strikes out swinging
|
Batting: RHB Mike Diaz
|
0-0: Fly out, F7 (Line Drive, 7, EV 86.9 MPH)
|
Batting: RHB Ivan de Jesus
|
0-0: Foul Ball, location: 2F 0-1: Ball 1-1: Foul Ball, location: 2F 1-2: DOUBLE (Line Drive, 9LM, EV 90.6 MPH) Ken Phelps to third Runner from 3rd tries for Home, SAFE, no throw by RF
|
Batting: RHB Bill Singer
|
0-0: Reached via error on a dropped throw from 3B, E3 (Groundball, 56S, EV 85.0 MPH) Ivan de Jesus to third
|
Batting: RHB Andy Ramirez
|
0-0: Ball 1-0: Ball 2-0: Called Strike 2-1: Ball 3-1: Called Strike 3-2: Base on Balls Bill Singer to second
|
Batting: RHB Paul Molitor
|
0-0: Called Strike 0-1: Ball 1-1: Called Strike 1-2: Foul Ball, location: 2F 1-2: Ground out 4-3 (Groundball, 4, EV 82.5 MPH)
|
Top of the 8th over - 1 run, 1 hit, 1 error, 3 left on base; Philadelphia 11 - San Diego 0 |
BOTTOM OF THE 8TH |
San Diego Padres batting - Pitching for Philadelphia Phillies : RHP Bill Singer
|
Batting: LHB Jerry McDonald
|
0-0: Called Strike 0-1: Called Strike 0-2: Ball 1-2: Strikes out swinging
|
Batting: LHB Chris Chambliss
|
0-0: Ball 1-0: Ball 2-0: SINGLE (Groundball, 25, EV 70.0 MPH) (infield hit)
|
Batting: LHB Darrell Porter
|
0-0: Fielders Choice at 2nd, 3-6 (Groundball, 34S, EV 88.8 MPH)
|
Batting: LHB Jeffrey Zitek
|
0-0: Ball 1-0: Fly out, F8 (Flyball, 78XD, EV 91.9 MPH)
|
Bottom of the 8th over - 0 runs, 1 hit, 0 errors, 1 left on base; Philadelphia 11 - San Diego 0 |
TOP OF THE 9TH |
Philadelphia Phillies batting - Pitching for San Diego Padres : LHP Ed Vande Berg
|
Batting: LHB Tony Gwynn
|
0-0: Ball 1-0: Called Strike 1-1: Ball 2-1: Ball 3-1: Foul Ball, location: 2F 3-2: Foul Ball, location: 2F 3-2: Foul Ball, location: 2F 3-2: Ground out 1-3 (Groundball, 15S, EV 65.0 MPH)
|
Batting: RHB Candy Maldonado
|
0-0: Ground out 6-3 (Groundball, 6, EV 87.5 MPH)
|
Batting: LHB Ken Phelps
|
0-0: Ball 1-0: Fly out, F9 (Flyball, 9, EV 87.5 MPH)
|
Top of the 9th over - 0 runs, 0 hits, 0 errors, 0 left on base; Philadelphia 11 - San Diego 0 |
BOTTOM OF THE 9TH |
San Diego Padres batting - Pitching for Philadelphia Phillies : RHP Bill Singer
|
Pinch Hitting: LHB Eric Attaway
|
0-0: Ball 1-0: Ball 2-0: Ball 3-0: Base on Balls
|
Batting: RHB Bob Dernier
|
0-0: Foul Ball, location: 2F 0-1: Ball 1-1: Foul Ball, location: 2F 1-2: Ball 2-2: Fielders Choice at 2nd, 4-6 (Groundball, 4, EV 100.0 MPH)
|
Batting: RHB Joel Youngblood
|
0-0: Called Strike 0-1: Ball 1-1: Ball 2-1: Ball 3-1: Fielders Choice at 2nd, 6-4 (Groundball, 6, EV 83.1 MPH)
|
Batting: RHB Dennis Dungy
|
0-0: Ball 1-0: Called Strike 1-1: Foul Ball, location: 2F 1-2: Foul Ball, location: 2F 1-2: Fielders Choice at 2nd, 6-4 (Groundball, 6D, EV 88.8 MPH)
|
Bottom of the 9th over - 0 runs, 0 hits, 0 errors, 1 left on base; Philadelphia 11 - San Diego 0 |
|